 Dungeon Crawl Stone Soup version 0.31.0-11-ge490571c62 (webtiles) character file.

Game seed: 368663512093970097

1117 SnakkuSnakku7 the Chopper (level 8, 0/60 HPs)
             Began as a Mummy Alchemist on Jan 27, 2024.
             Slain by a wight
             ... wielding a +2 halberd
              (2 damage)
             ... on level 7 of the Dungeon.
             The game lasted 00:07:14 (5948 turns).

SnakkuSnakku7 the Chopper (Mummy Alchemist)         Turns: 5948, Time: 00:07:15

Health: 0/60       AC: 10    Str: 19    XL:     8   Next: 12%
Magic:  12/12      EV:  5    Int: 14    God:
Gold:   451        SH:  5    Dex: 13    Spells: 12/12 levels left

rFire   x . .        a - +2 hand axe (flame)
rCold   + . .        (no shield)
rNeg    + + +        g - +0 plate armour
rPois   ∞            (no helmet)
rElec   .            (no cloak)
rCorr   .            (no gloves)
SInv    +            (no boots)
Will    +....        q - amulet of reflection Stlth
                     d - +6 ring of strength
HPRegen 0.30/turn    f - ring of see invisible
MPRegen 0.13/turn

%: reflection, faith
@: no status effects
A: cold resistance 1, negative energy resistance 3, torment resistance 2, heat
vulnerability 1, in touch with death 1, no potions, faith
a: no special abilities


You were on level 7 of the Dungeon.
You visited 1 branch of the dungeon, and saw 7 of its levels.

You collected 505 gold pieces.
You spent 54 gold pieces at shops.

Inventory:

Hand Weapons
 a - a +2 hand axe of flaming (weapon)
 b - a +0 club
 c - a +2 dagger of speed
 s - a +4 flail
Missiles
 j - 14 poisoned darts
Armour
 g - a +0 plate armour (worn)
 i - a +0 robe
 m - a +0 kite shield
Jewellery
 d - a +6 ring of strength (left hand)
 f - a ring of see invisible (right hand)
 q - an amulet of reflection (around neck)
Wands
 n - a wand of flame (17)
 u - a wand of paralysis (1)
Scrolls
 e - a scroll of enchant armour {unknown}
 h - a scroll of immolation
 k - a scroll of poison
 l - 2 scrolls of blinking
 o - a scroll of noise {unknown}
 p - a scroll of vulnerability
 r - a scroll of teleportation
 t - 2 scrolls of fog
 v - a scroll of enchant weapon
 w - a scroll of torment {unknown}


   Skills:
 - Level 4.1 Fighting
 + Level 5.5(6.1) Axes
 - Level 3.8(5.3) Maces & Flails
 - Level 1.5 Dodging
 - Level 1.5 Stealth
 - Level 0.6 Shields
 - Level 2.6 Spellcasting
 - Level 0.7 Conjurations
 - Level 2.4 Alchemy


You had 12 spell levels left.
You didn't know any spells.
Your spell library contained the following spells:

 Spells                   Type           Power      Damage    Failure   Level
 Sting                    Conj/Alch      24%        1d4       99%         1
 Mercury Vapours          Alch/Air       10%        N/A       100%        2
 Mephitic Cloud           Conj/Alch/Air  4%         N/A       100%        3
 Olgreb's Toxic Radiance  Alch           8%         N/A       100%        4
 Sticky Flame             Fire/Alch      5%         2d4       100%        4


Dungeon Overview and Level Annotations

Branches:
Dungeon (7/15)
 Temple: D:4-7

Altars:
Gozag
Ru

Shops:
D:3 [


Innate Abilities, Weirdness & Mutations

You are immune to poison.
Your flesh is cold resistant. (rC+)
You are immune to negative energy. (rN+++)
You are immune to unholy pain and torment.
You are vulnerable to heat. (rF-)
You are in touch with the powers of death.
You do not drink.
You have a special connection with the divine. (Faith)


Message History

The wight is severely damaged.
The wight hits you with a +2 halberd.
You hit the wight. You burn the wight.
The wight is almost destroyed.
You block the wight's attack.
You closely miss the wight.
The wight is almost destroyed.
The wight hits you with a +2 halberd!
You barely miss the wight.
The wight is almost destroyed.
The wight barely misses you.
You hit the wight but do no damage.
The wight is almost destroyed.
The wight hits you with a +2 halberd!
You hit the wight but do no damage.
The wight is almost destroyed.
The wight hits you but does no damage.
You hit the wight but do no damage.
The wight is almost destroyed.
The wight hits you with a +2 halberd!
* * * LOW HITPOINT WARNING * * *
You hit the wight but do no damage.
The wight is almost destroyed.
The wight hits you but does no damage.
You completely miss the wight.
The wight is almost destroyed.
The wight hits you but does no damage.
You hit the wight but do no damage.
The wight is almost destroyed.
The wight hits you with a +2 halberd.
* * * LOW HITPOINT WARNING * * *
You completely miss the wight.
The wight is almost destroyed.
The wight hits you with a +2 halberd!
* * * LOW HITPOINT WARNING * * *
Aiming: Paralyse
Press: ? - help, Shift-Dir - straight line, f - wight
Aim: a wight, wielding a +2 halberd and wearing a +0 robe (almost destroyed, chance to affect: 49%)
The wight resists with some effort.
The wight hits you with a +2 halberd.
You die...

#..'.........# #..#.........#
#####...##...# ##...##...#
+.........# #.........# #
##.####..## ########.
###z######## ......'.
#...@......# ......#
#..........# ......#
#...##....###### ......#
#####...########...## ......#
....................#
##....+..!..................#
##....##..###...###...##....#
##....##..###...###...##....#
.'..........+...............#


You could see a wight.

Vanquished Creatures
  A water moccasin (D:7)
  An orc warrior (D:7)
  A black bear (D:5)
  2 scorpions
  4 wights (D:6)
  2 bombardier beetles (D:5)
  An orc priest (D:4)
  3 hounds
  A scorpion zombie (D:2)
  An iguana (D:5)
  4 orc wizards
  A hound zombie (D:2)
  3 adders
  2 white imps (D:7)
  2 ufetubi (D:5)
  A ribbon worm (D:5)
  3 dart slugs
  15 orcs
  8 ball pythons
  9 bats
  8 endoplasms
  6 giant cockroaches
  6 goblins
  2 hobgoblins
  4 quokkas
  A ball python zombie (D:2)
  4 frilled lizards
  4 kobolds
  3 rats (D:1)
103 creatures vanquished.

Notes
Turn   | Place    | Note
-------+----------+-------------------------------------------
     0 | D:1      | SnakkuSnakku7 the Mummy Alchemist began the quest for the
                  | Orb.
     0 | D:1      | Reached XP level 1. HP: 13/13 MP: 4/4
    63 | D:1      | Reached skill level 1 in Fighting
   160 | D:1      | Reached XP level 2. HP: 10/22 MP: 5/5
   534 | D:1      | Reached XP level 3. HP: 25/28 MP: 7/7
  1064 | D:2      | Found a faded altar of an unknown god.
  1419 | D:2      | Reached XP level 4. HP: 32/37 MP: 8/8
  1671 | D:3      | Found an opulent altar of Gozag.
  1813 | D:3      | Found Coatulool's Armour Emporium.
  1819 | D:3      | Bought a +0 kite shield for 54 gold pieces
  2839 | D:3      | Reached skill level 1 in Maces & Flails
  2993 | D:3      | Reached XP level 5. HP: 42/42 MP: 9/9
  3289 | D:4      | Found a sacrificial altar of Ru.
  3410 | D:5      | Entered Level 5 of the Dungeon
  3500 | D:5      | Noticed a black bear
  3514 | D:5      | Killed a black bear
  3515 | D:5      | Reached XP level 6. HP: 32/48 MP: 10/10
  3795 | D:5      | Reached skill level 1 in Axes
  4013 | D:5      | Reached skill level 2 in Axes
  4141 | D:5      | Reached XP level 7. HP: 48/54 MP: 11/11
  4479 | D:6      | Reached skill level 3 in Axes
  4857 | D:6      | Reached skill level 4 in Axes
  5765 | D:6      | Reached skill level 5 in Axes
  5778 | D:7      | Reached XP level 8. HP: 60/60 MP: 12/12
  5947 | D:7      | HP: 2/60 [wight/+2 halberd (10)]
  5948 | D:7      | Slain by a wight

Illustrated notes

Levels and vault maps discovered:
D:1:      orjb1_lava_funnel, layout_loops_corners, minmay_close_crescents
D:2:      layout_loops_ring, serial_undead, serial_undead_d, serial_undead_e,
          serial_undead_b, serial_undead_a, dilly_ecumenical_altar_fadedgnrine
D:3:      layout_loops_ring, nicolae_gozag_cash_rules_everything_around_me,
          serial_shops, shop, small_statue_intersection
D:4:      layout_cave_pools, nicolae_ru_awakened_eye
D:5:      layout_basic, serial_library_regret_index_branch_corner
D:6:      layout_cave_pools, dreamdust_princess_bridge, minmay_crystal_room,
          nrook_mini_vaults, dreamdust_wishing_well
D:7:      layout_gridville, minmay_temple_entry_overgrown, uniq_prince_ribbit1,
          uniq_jeremiah

Skill      XL: |  1  2  3  4  5  6  7 |
---------------+----------------------+-----
Fighting       | 1 2 3 4 |  4.1
Maces & Flails | 1 3 |  3.8
Axes           | 2 5 |  5.5
Dodging        | |  1.5
Stealth        | |  1.5
Shields        | |  0.6
Spellcasting   | |  2.6
Conjurations   | |  0.7
Alchemy        | |  2.4

Action                     |  1- 3 |  4- 6 |  7- 9 || total
---------------------------+-------+-------+-------++-------
  Melee: Unarmed           |     6 |       |       ||     6
         Club              |     3 |       |       ||     3
         Dagger            |   127 |   192 |       ||   319
         Punch             |     2 |       |     1 ||     3
         Flail             |       |    54 |       ||    54
         Hand axe          |       |    20 |   113 ||   133
   Cast: Sting             |    10 |       |       ||    10
  Evoke: Wand              |       |     9 |    15 ||    24
    Use: Scroll            |       |       |     9 ||     9
   Stab: Sleeping          |     2 |       |       ||     2
         Paralysed         |       |       |     8 ||     8
 Armour: Robe              |    30 |       |       ||    30
         Plate armour      |    29 |   195 |   110 ||   334
  Dodge: Dodged            |    56 |    69 |    34 ||   159
  Block: Other             |       |    50 |    23 ||    73
